 Dungeon Crawl Stone Soup version 0.27.0 (webtiles) character file.

Game seed: 9486576222949604078

728 apoch the Skirmisher (level 7, -1/63 HPs)
             Began as a Minotaur Berserker on July 31, 2021.
             Was a Believer of Trog.
             Slain by a water moccasin zombie (3 damage)
             ... in an ossuary.
             The game lasted 00:11:35 (4494 turns).

apoch the Skirmisher (Minotaur Berserker)           Turns: 4494, Time: 00:11:36

Health: -1/63      AC: 11    Str: 23    XL:     7   Next: 44%
Magic:  6/6        EV:  9    Int:  4    God:    Trog [**....]
Gold:   126        SH:  0    Dex: 10    Spells: 6/6 levels left

rFire    . . .     SeeInvis .   a - +0 hand axe
rCold    . . .     Faith    .   (no shield)
rNeg     . . .     Spirit   .   g - +0 chain mail
rPois    .         Reflect  .   (helmet restricted)
rElec    .         Harm     .   (no cloak)
rCorr    .         Rampage  .   p - +0 pair of gloves
Will     .....                  (no boots)
Stlth    ..........             (no amulet)
HPRegen  0.20/turn              (no ring)
MPRegen  0.10/turn              (no ring)

@: on berserk cooldown
A: horns 2, retaliatory headbutt
a: Renounce Religion, Berserk, Trog's Hand


You were in an ossuary.
You worshipped Trog.
Trog was pleased with you.
You visited 1 branch of the dungeon, and saw 4 of its levels.
You also visited: Ossuary.

You collected 126 gold pieces.

Inventory:

Hand Weapons
 a - a +0 hand axe (weapon)
Missiles
 b - 4 javelins
 l - 142 stones (quivered)
Armour
 g - a +0 chain mail (worn)
 p - a +0 pair of gloves (worn)
Jewellery
 j - a ring of flight
 o - a +6 ring of intelligence
Scrolls
 c - a scroll of vulnerability {unknown}
 d - a scroll of noise {unknown}
 h - 2 scrolls of enchant weapon {unknown}
 k - a scroll of fear {unknown}
 m - a scroll of enchant armour {unknown}
 n - a scroll of magic mapping {unknown}
 r - a scroll of amnesia {unknown}
 u - a scroll of brand weapon {unknown}
 v - a scroll of identify {unknown}
Potions
 e - a potion of attraction {unknown}
 f - a potion of curing
 i - 2 potions of cancellation {unknown}
 q - a potion of haste {unknown}
 s - a potion of mutation {unknown}
 t - a potion of degeneration {unknown}


   Skills:
 + Level 6.1 Fighting
 + Level 6.0 Axes
 + Level 5.5 Armour
 + Level 5.0 Dodging


You had 6 spell levels left.
You didn't know any spells.
Your spell library was empty.

Dungeon Overview and Level Annotations

Branches:
Dungeon (4/15)            Ossuary (1/1)
 Temple: D:4-7

Altars:


Innate Abilities, Weirdness & Mutations

You have a pair of horns on your head.
You reflexively headbutt those who attack you in melee.


Message History

The water moccasin zombie is heavily damaged.
The water moccasin zombie bites you.
* * * LOW HITPOINT WARNING * * *
The water moccasin zombie barely misses you.
You barely miss the water moccasin zombie.
The water moccasin zombie is heavily damaged.
You hit the mummy.
You headbutt the mummy, but do no damage.
The mummy is lightly damaged.
You hit the mummy.
The mummy is moderately damaged.
The mummy hits you.
* * * LOW HITPOINT WARNING * * *
You feel better. The mummy barely misses you.
You slash the mummy!
The mummy is almost destroyed.
The mummy hits you!
* * * LOW HITPOINT WARNING * * *
You barely miss the mummy.
The mummy is almost destroyed.
You feel yourself speed up. The mummy hits you.
* * * LOW HITPOINT WARNING * * *
You hit the mummy. Your headbutt misses the mummy.
The mummy is almost destroyed.
You closely miss the mummy.
The mummy is almost destroyed.
The mummy closely misses you.
You hit the mummy.
You destroy the mummy!
Trog accepts your kill.
A howler monkey zombie comes into view.
You hit the water moccasin zombie. You headbutt the water moccasin zombie.
The water moccasin zombie is severely damaged.
The water moccasin zombie bites you.
* * * LOW HITPOINT WARNING * * *
You hit the water moccasin zombie. You headbutt the water moccasin zombie.
The water moccasin zombie is almost destroyed.
The water moccasin zombie bites you.
You die...

.+ .# .'
M# .+
#####.###
#∩..#.'.#
#.∩@ZZ#
#...#.'.#
#####.###
.+ +#


You could see a water moccasin zombie and a howler monkey zombie.

Vanquished Creatures
  A hornet zombie (Ossuary)
  An ogre (D:3)
  A wyvern zombie (Ossuary)
  A centaur zombie (Ossuary)
  4 bullfrog zombies (Ossuary)
  Crazy Yiuf (D:3)
  Jessica (D:2)
  2 orc wizards (D:3)
  A killer bee zombie (Ossuary)
  7 mummies
  Robin (D:2)
  2 adders
  A worm (D:2)
  A dart slug (D:1)
  4 orcs (D:3)
  4 bats
  8 endoplasms
  11 goblins (D:1)
  8 hobgoblins
  2 jackals (D:2)
  6 kobolds
  A quokka (D:3)
  4 ball pythons
  7 frilled lizards
  A kobold zombie (D:4)
  An orc zombie (D:4)
  3 rats
85 creatures vanquished.

Vanquished Creatures (others)
  5 withered plants (Ossuary)
5 creatures vanquished.

Grand Total: 90 creatures vanquished

Notes
Turn   | Place    | Note
-------+----------+-------------------------------------------
     0 | D:1      | apoch the Minotaur Berserker began the quest for the Orb.
     0 | D:1      | Reached XP level 1. HP: 19/19 MP: 0/0
   243 | D:1      | Reached XP level 2. HP: 16/27 MP: 1/1
  1179 | D:1      | Reached XP level 3. HP: 28/33 MP: 2/2
  1585 | D:2      | Noticed Robin
  2287 | D:2      | Killed Robin
  2547 | D:2      | Noticed Jessica
  2549 | D:2      | Killed Jessica
  2550 | D:2      | Reached XP level 4. HP: 41/41 MP: 3/3
  3353 | D:3      | Reached XP level 5. HP: 9/47 MP: 4/4
  3654 | D:3      | Noticed an ogre
  3659 | D:3      | Reached ** piety under Trog
  3660 | D:3      | Killed an ogre
  3661 | D:3      | Reached skill level 5 in Fighting
  3661 | D:3      | Reached skill level 5 in Axes
  3954 | D:3      | Found a runed translucent door.
  3955 | D:3      | Noticed Crazy Yiuf
  3961 | D:3      | Killed Crazy Yiuf
  3962 | D:3      | Reached XP level 6. HP: 42/56 MP: 2/5
  4291 | D:4      | Found a sand-covered staircase.
  4302 | Ossuary  | Entered an ossuary
  4454 | Ossuary  | Reached skill level 5 in Armour
  4456 | Ossuary  | Reached XP level 7. HP: 51/62 MP: 6/6
  4479 | Ossuary  | Reached skill level 5 in Dodging
  4493 | Ossuary  | HP: 2/63 [water moccasin zombie (4)]
  4494 | Ossuary  | Slain by a water moccasin zombie

Illustrated notes

Levels and vault maps discovered:
D:1:      lightli_arrival_flooded_house, layout_loops_ring
D:2:      layout_loops_cross, roderic_lattice_a, roderic_serpentine_path,
          uniq_jessica, uniq_robin
D:3:      layout_rooms, uniq_crazy_yiuf_cottage
D:4:      layout_loops_corners, dk_yredelemnul_ordeal,
          minmay_temple_entry_junction, nicolae_ossuary_entry_giza
Ossuary:  ossuary_zaba_flooded

Skill      XL: |  1  2  3  4  5  6  7 |
---------------+----------------------+-----
Fighting       | 4 5 6 |  6.1
Axes           | 4 5 6 |  6.0
Armour         | 3 4 5 |  5.5
Dodging        | 3 4 5 |  5.0

Action                   |  1- 3 |  4- 6 |  7- 9 || total
-------------------------+-------+-------+-------++-------
Melee: Hand axe          |    89 |   109 |    38 ||   236
       Headbutt          |     9 |    29 |    13 ||    51
Throw: Stone             |    12 |    47 |       ||    59
Invok: Berserk           |       |     2 |       ||     2
       Trog's Hand       |       |     1 |       ||     1
  Use: Potion            |       |     1 |     1 ||     2
Armor: Animal skin       |     2 |       |       ||     2
       Chain mail        |    51 |    63 |    15 ||   129
Dodge: Dodged            |    44 |    37 |    20 ||   101
